 Dungeon Crawl Stone Soup version 0.27.1-3-gb3d3a73c9e (webtiles) character file.

Game seed: 5387416766750635182

71 bnorton916 the Conjurer (level 4, -1/24 HPs)
             Began as a Deep Elf Conjurer on Oct 14, 2021.
             Was a Believer of Sif Muna.
             Slain by a yak (5 damage)
             ... on level 8 of the Dungeon.
             The game lasted 00:02:57 (2878 turns).

bnorton916 the Conjurer (Deep Elf Conjurer)         Turns: 2878, Time: 00:02:58

Health: -1/24      AC:  2    Str:  4    XL:     4   Next: 5%
Magic:  9/12       EV: 12    Int: 30    God:    Sif Muna [**....]
Gold:   160        SH:  0    Dex: 13    Spells: 1/12 levels left

rFire    . . .     SeeInvis .   l - +2 dagger (venom)
rCold    . . .     Faith    .   (no shield)
rNeg     . . .     Spirit   .   a - +0 robe
rPois    .         Reflect  .   (no helmet)
rElec    .         Harm     .   (no cloak)
rCorr    .         Rampage  .   (no gloves)
Will     .....                  (no boots)
Stlth    ++........             (no amulet)
HPRegen  0.08/turn              e - +6 ring of intelligence
MPRegen  0.13/turn              m - ring of wizardry

@: no status effects
A: no striking features
a: Renounce Religion, Channel Magic


You were on level 8 of the Dungeon.
You worshipped Sif Muna.
Sif Muna was pleased with you.
You visited 1 branch of the dungeon, and saw 5 of its levels.

You collected 160 gold pieces.

Inventory:

Hand Weapons
 l - a +2 dagger of venom (weapon)
Armour
 a - a +0 robe (worn)
 f - a +0 cloak
Magical Staves
 b - a staff of fire
Jewellery
 e - a +6 ring of intelligence (left hand)
 m - a ring of wizardry (right hand)
Wands
 k - a wand of digging (5)
Scrolls
 d - 2 scrolls of enchant weapon
 h - a scroll of magic mapping {unknown}
 j - a scroll of acquirement {unknown}
Potions
 c - a potion of brilliance {unknown}
 g - a potion of flight {unknown}
 i - 3 potions of curing {unknown}


   Skills:
 - Level 2.4 Dodging
 - Level 2.4 Stealth
 + Level 4.7 Spellcasting
 + Level 5.3 Conjurations


You had one spell level left.
You knew the following spells:

 Your Spells              Type           Power      Damage    Failure   Level
a - Magic Dart            Conj           100%       1d8       1%          1
b - Searing Ray           Conj           78%        3d6       1%          2
c - Fulminant Prism       Conj/Hex       11%        3d9       9%          4
d - Iskenderun's Mystic   Conj/Tloc      23%        2d6       9%          4

Your spell library contained the following spells:

 Spells                   Type           Power      Damage    Failure   Level
 Dazzling Flash           Conj/Hex       46%        N/A       2%          3


Dungeon Overview and Level Annotations

Branches:
Dungeon (5/15)             Temple (0/1) D:5

Altars:
Sif Muna

Annotations:
D:5 Eustachio


Message History

Confirm with . or Enter, or press ? or * to list all spells.
You can't see any susceptible monsters within range! (Use Z to cast anyway.)
Casting: Magic Dart (safe; 1% risk of failure)
Confirm with . or Enter, or press ? or * to list all spells.
You can't see any susceptible monsters within range! (Use Z to cast anyway.)
You see here a +0 hand axe.
The goblin hits you but does no damage.
Casting: Magic Dart (safe; 1% risk of failure)
Confirm with . or Enter, or press ? or * to list all spells.
Aiming: Magic Dart (safe; 1% risk of failure)
Press: ? - help, Shift-Dir - straight line, f - goblin
Aim: a goblin, wielding a +0 hand axe (100% to hit)
The magic dart hits the goblin.
You kill the goblin!
Sif Muna accepts your kill.
Casting: Magic Dart (safe; 1% risk of failure)
Confirm with . or Enter, or press ? or * to list all spells.
Aiming: Magic Dart (safe; 1% risk of failure)
Press: ? - help, Shift-Dir - straight line, f - yak
Aim: a yak (100% to hit)
The magic dart hits the yak.
The yak is lightly wounded.
The yak barely misses you.
Casting: Magic Dart (safe; 1% risk of failure)
Confirm with . or Enter, or press ? or * to list all spells.
Aiming: Magic Dart (safe; 1% risk of failure)
Press: ? - help, Shift-Dir - straight line, f/p - yak
Aim: a yak (lightly wounded, 100% to hit)
The magic dart hits the yak.
The yak is lightly wounded.
The yak gores you!
Unknown command.
You closely miss the yak.
The yak is lightly wounded.
The yak gores you!
* * * LOW HITPOINT WARNING * * *
You hit the yak but do no damage.
The yak is poisoned.
The yak is lightly wounded.
The yak gores you.
You die...

##########
#.....)@.#
#.######Y#
#.# #.# #.#
##.# #.#
#..#
..Y..[Y..#
.≈≈≈≈≈g≈.#
#.≈##.##≈..
#.≈#.. #≈..


You could see a yak (poisoned).

Vanquished Creatures
  A gnoll (D:1)
  2 adders
  A worm (D:2)
  A bat (D:2)
  3 endoplasms
  2 giant cockroaches (D:2)
  5 goblins
  3 hobgoblins (D:1)
  6 jackals
  3 kobolds
  2 quokkas (D:1)
  2 ball pythons (D:1)
  A frilled lizard (D:1)
  2 rats
34 creatures vanquished.

Vanquished Creatures (others)
  2 toadstools (D:1)
2 creatures vanquished.

Grand Total: 36 creatures vanquished

Notes
Turn   | Place    | Note
-------+----------+-------------------------------------------
     0 | D:1      | bnorton916 the Deep Elf Conjurer began the quest for the
                  | Orb.
     0 | D:1      | Reached XP level 1. HP: 10/10 MP: 6/6
   667 | D:1      | Found a faded altar of an unknown god.
   673 | D:1      | Became a worshipper of Sif Muna the Loreminder
   673 | D:1      | Reached * piety under Sif Muna
   765 | D:1      | Reached XP level 2. HP: 15/15 MP: 3/8
   770 | D:1      | Learned a level 2 spell: Searing Ray
  1151 | D:1      | Reached skill level 5 in Conjurations
  1151 | D:1      | Reached XP level 3. HP: 19/19 MP: 0/10
  2593 | D:3      | Reached ** piety under Sif Muna
  2594 | D:3      | Reached XP level 4. HP: 22/24 MP: 6/12
  2763 | D:3      | You fall into a shaft and drop 2 floors!
  2763 | D:5      | Entered Level 5 of the Dungeon
  2796 | D:5      | Learned a level 4 spell: Fulminant Prism
  2801 | D:5      | Learned a level 4 spell: Iskenderun's Mystic Blast
  2837 | D:5      | Found a staircase to the Ecumenical Temple.
  2837 | D:5      | Noticed Eustachio
  2837 | D:5      | You fall into a shaft and drop 3 floors!
  2843 | D:8      | Noticed a yak
  2845 | D:8      | Noticed a yak
  2856 | D:8      | Noticed a yak
  2878 | D:8      | Slain by a yak

Illustrated notes

Levels and vault maps discovered:
D:1:      amcnicky_arrival_underground_garden, layout_loops_ring,
          dreamdust_ecumenical_altar_angels_and_demons, st_stairs_14,
          minmay_gold_behind_fungi
D:2:      layout_loops_ring, minmay_misc_feat_diagonals
D:3:      layout_loops_ring, regret_index_temple_of_mockery,
          hangedman_decor_clover_reticule, fountainhead, uniq_robin, uniq_ijyb,
          uniq_terence
D:5:      layout_loops_cross, grunt_temple_overflow_lords_of_destruction,
          lemuel_coloured_pillars_altar, mainiacjoe_overflow_alcove_1,
          minmay_temple_entry_water_ring, minivault_5, doesnt_shop_hydraphobe,
          uniq_eustachio
D:8:      layout_basic, slow_altar_1, grunt_lair_entry_orc_guard_hut,
          enter_bailey_3, uniq_joseph

Skill      XL: |  1  2 |
---------------+-------+-----
Spellcasting   | 4 |  4.7
Conjurations   | 5 |  5.3
Dodging        | |  2.4
Stealth        | |  2.4

Action                   |  1- 3 |  4- 6 || total
-------------------------+-------+-------++-------
Melee: Staff             |     9 |       ||     9
       Dagger            |       |     2 ||     2
 Cast: Magic Dart        |    57 |     6 ||    63
       Searing Ray       |     6 |       ||     6
  Use: Scroll            |     1 |       ||     1
Armor: Robe              |     4 |     1 ||     5
Dodge: Dodged            |    24 |     1 ||    25
